 Dungeon Crawl Stone Soup version 0.28.0-62-gf88900778d (webtiles) character file.

Game seed: 13342029621530578381

956 jjjjhere the Slicer (level 8, 0/46 HPs)
             Began as a Kobold Berserker on Sept 1, 2023.
             Was a Priest of Trog.
             Killed from afar by Dowan (26 damage)
             ... with a shard of ice
             ... on level 5 of the Dungeon.
             The game lasted 00:06:54 (6700 turns).

jjjjhere the Slicer (Kobold Berserker)              Turns: 6700, Time: 00:06:55

Health: 0/46       AC:  3    Str: 17    XL:     8   Next: 36%
Magic:  8/8        EV: 14    Int:  8    God:    Trog [***...]
Gold:   198        SH:  0    Dex: 14    Spells: 7/7 levels left

rFire   . . .      SeeInvis .   a - +0 short sword
rCold   . . .      Faith    .   (no shield)
rNeg    . . .      Spirit   .   b - +0 animal skin
rPois   +          Reflect  .   d - +0 helmet
rElec   .          Harm     .   (no cloak)
rCorr   .          Rampage  .   (no gloves)
Will    .....                   (no boots)
Stlth   +++++.....              (no amulet)
HPRegen 0.15/turn               c - ring of poison resistance
MPRegen 0.11/turn               (no ring)

@: on berserk cooldown, slowed, very slow
A: small, no large weapons, nightstalker 3
a: Renounce Religion, Berserk, Trog's Hand


You were on level 5 of the Dungeon.
You worshipped Trog.
Trog was most pleased with you.
You visited 1 branch of the dungeon, and saw 5 of its levels.

You collected 198 gold pieces.

Inventory:

Hand Weapons
 a - a +0 short sword (weapon)
 p - a +0 hand crossbow
Armour
 b - a +0 animal skin (worn)
 d - a +0 helmet (worn)
Jewellery
 c - a ring of poison resistance (left hand)
 i - a ring of magical power
 r - a ring of see invisible
Scrolls
 f - 3 scrolls of magic mapping {unknown}
 g - a scroll of noise
 k - 5 scrolls of teleportation
 n - a scroll of enchant armour {unknown}
 q - a scroll of identify
 t - a scroll of immolation {unknown}
 v - a scroll of fear {unknown}
Potions
 e - 3 potions of heal wounds
 h - a potion of invisibility
 j - 2 potions of haste
 m - 2 potions of brilliance {unknown}
 o - a potion of might
 s - a potion of cancellation {unknown}
 u - a potion of attraction {unknown}


   Skills:
 - Level 3.2 Fighting
 + Level 9.3 Short Blades
 - Level 1.5 Armour
 - Level 2.4 Dodging
 + Level 9.1 Stealth


You had 7 spell levels left.
You didn't know any spells.
Your spell library was empty.

Dungeon Overview and Level Annotations

Branches:
Dungeon (5/15)
 Temple: D:4-7

Altars:
Dithmenos

Annotations:
D:5 Dowan


Innate Abilities, Weirdness & Mutations

You are small and have problems with some larger weapons.
You are completely attuned to the shadows.


Message History

You are exhausted.
You feel yourself slow down. Dowan hits you with a +0 dagger.
You hit Dowan.
Dowan is lightly wounded.
Dowan hits you with a +0 dagger.
You hit Dowan.
Dowan is lightly wounded.
Dowan mumbles some strange words.
Dowan blinks!
Dowan gestures wildly while chanting.
Dowan blinks!
Found 20 arrows.
Found a scroll of identify.
Dowan closely misses you.
Dowan mumbles some strange words.
Dowan blinks!
Dowan gestures at you while chanting. The stone arrow hits you!
Dowan says, "Her death will not be in vain!"
Dowan casts a spell.
Dowan blinks!
Dowan misses you.
Throw: throwing net
Press: ? - help, Q - select action, (/) - cycle Shift-Dir - straight line, f - Dowan
Aim: Dowan, wielding a +0 dagger and wearing a +0 robe (lightly wounded, fast, 48% to hit)
You throw a throwing net. The throwing net closely misses Dowan.
Dowan misses you. Dowan gestures at you while chanting.
The stone arrow misses you. Dowan hits you but does no damage.
You miss Dowan.
Dowan is lightly wounded.
Dowan misses you.
You hit Dowan.
Dowan is lightly wounded.
Dowan hits you with a +0 dagger. x2
You completely miss Dowan.
Dowan is lightly wounded.
Dowan gestures at you while chanting. The shard of ice hits you!!
Ouch! That really hurt!
You die...

§# #.##..##..##
#..
§§§###.###.#..##
§§§§§##.# #....#
.§.§.§..###..#.#
_...§§..##..##.#
.!...§..##.###.#
.....##)#..#
§§§§###...## §§#
#.@e..(..
.####.(######
....#...#
.........#
(.........#
...........
.!........
.........
#.?.#...#


You could see Dowan (fast).

Vanquished Creatures
  Sigmund (D:3)
  Duvessa (D:5)
  A scorpion (D:4)
  A bullfrog zombie (D:4)
  3 hounds
  4 jellies
  A bullfrog skeleton (D:4)
  Natasha (thrice) (D:3)
  Robin (D:3)
  6 gnolls (D:3)
  11 adders
  2 adder skeletons (D:4)
  2 worms
  4 dart slugs
  3 orcs
  6 ball pythons
  12 endoplasms
  3 giant cockroaches
  13 goblins
  12 hobgoblins
  5 jackals (D:4)
  4 quokkas
  8 bats
  5 frilled lizards
  12 kobolds
  5 rats
129 creatures vanquished.

Vanquished Creatures (others)
  5 fungi (D:3)
  9 toadstools (D:3)
14 creatures vanquished.

Grand Total: 143 creatures vanquished

Notes
Turn   | Place    | Note
-------+----------+-------------------------------------------
     0 | D:1      | jjjjhere the Kobold Berserker began the quest for the Orb.
     0 | D:1      | Reached XP level 1. HP: 14/14 MP: 1/1
   250 | D:1      | Reached skill level 1 in Stealth
   357 | D:1      | Reached XP level 2. HP: 19/19 MP: 2/2
   410 | D:1      | Found a faded altar of an unknown god.
  1520 | D:2      | Reached XP level 3. HP: 22/23 MP: 3/3
  1815 | D:2      | Reached skill level 5 in Short Blades
  1820 | D:2      | Reached XP level 4. HP: 28/28 MP: 4/4
  2292 | D:3      | Noticed Sigmund
  2297 | D:3      | Killed Sigmund
  2298 | D:3      | Reached skill level 5 in Stealth
  2298 | D:3      | Reached XP level 5. HP: 32/32 MP: 5/5
  2298 | D:3      | Reached XP level 6. HP: 37/37 MP: 6/6
  2355 | D:3      | Noticed Robin
  2559 | D:3      | Noticed Natasha
  2560 | D:3      | Reached ** piety under Trog
  2566 | D:3      | Killed Natasha
  3781 | D:3      | Reached XP level 7. HP: 41/41 MP: 7/7
  3925 | D:3      | Noticed Natasha
  3945 | D:3      | Killed Natasha
  4139 | D:3      | Killed Robin
  4141 | D:3      | Noticed Natasha
  4169 | D:3      | Killed Natasha
  4405 | D:3      | Reached *** piety under Trog
  4413 | D:3      | HP: 13/41 [endoplasm (2)]
  5631 | D:4      | Reached XP level 8. HP: 38/46 MP: 8/8
  6404 | D:5      | Entered Level 5 of the Dungeon
  6643 | D:5      | Noticed Duvessa
  6645 | D:5      | Killed Duvessa
  6645 | D:5      | Noticed Dowan
  6649 | D:5      | Found a shadowy altar of Dithmenos.
  6700 | D:5      | Killed from afar by Dowan

Illustrated notes

Levels and vault maps discovered:
D:1:      psy_arrival_radial02, layout_basic, shapermc_ecumenical_altar_pompeii
D:2:      layout_basic, minmay_misc_feat_columns, minmay_tiny_reverse_x
D:3:      cheibrodos_fertilizer, layout_basic, minmay_misc_feat_five,
          minmay_crystal_water, chequers_serial_rivers_micro_d,
          minmay_pentangle, uniq_natasha, uniq_sigmund, uniq_robin
D:4:      layout_basic
D:5:      layout_rooms, nicolae_dithmenos_the_darkroom, uniq_duvessa

Skill      XL: |  1  2  3  4  5  6  7  8 |
---------------+-------------------------+-----
Stealth        | 1 2 3 5 6 8 9 |  9.1
Short Blades   | 5 6 7 8 9 |  9.3
Fighting       | |  3.2
Armour         | |  1.5
Dodging        | |  2.4

Action                   |  1- 3 |  4- 6 |  7- 9 || total
-------------------------+-------+-------+-------++-------
Melee: Short sword       |    70 |   111 |   186 ||   367
       Punch             |       |     1 |     1 ||     2
Throw: Throwing net      |       |       |     1 ||     1
Invok: Berserk           |     2 |     4 |     5 ||    11
  Use: Scroll            |       |       |     6 ||     6
 Stab: Sleeping          |    12 |    11 |    24 ||    47
Armor: Animal skin       |     8 |    12 |    22 ||    42
Dodge: Dodged            |    47 |    56 |    82 ||   185
